ORI
UNIVERSITY OF SOUTHERN CALIFORNIA TROJANS @ UNIVERSITY OF OKLAHOMA SOONERS
11/30/2047
 
TOP OF THE 1ST
University of Oklahoma Sooners batting - Pitching for Mississippi State University Bulldogs : RHP Willie Berumen
Pitching: RHP Willie Berumen
Batting: RHB Myles Sabine 0-0: Ball
1-0: Swinging Strike
1-1: Ball
2-1: Foul Ball, location: 2F
2-2: Ball
3-2: Strikes out swinging, 2-3 out at first.
Batting: RHB Virgil Wenz 0-0: Ball
1-0: Called Strike
1-1: Called Strike
1-2: Strikes out swinging
Batting: RHB Jon Chatman 0-0: SOLO HOME RUN (Flyball, 89XD, EV 110.6 MPH), Distance : 428 ft
Batting: RHB Ruben Arreola 0-0: Ball
1-0: Called Strike
1-1: Foul Ball, location: 2F
1-2: Foul Ball, location: 2F
1-2: DOUBLE (Line Drive, 89D, EV 113.1 MPH)
Batting: SHB Orlando Uribe 0-0: Called Strike
0-1: Ball
1-1: Swinging Strike
1-2: Strikes out swinging
Top of the 1st over - 1 run, 2 hits, 0 errors, 1 left on base; University of Oklahoma 1 - Mississippi State University 0
BOTTOM OF THE 1ST
Mississippi State University Bulldogs batting - Pitching for University of Oklahoma Sooners : RHP Matthew Sax
Pitching: RHP Matthew Sax
Batting: RHB Alvin Abarca 0-0: Ball
1-0: Ball
2-0: Foul Ball, location: 2F
2-1: Swinging Strike
2-2: Foul Ball, location: 2F
2-2: Ground out U3 (Groundball, 34S, EV 83.8 MPH)
Batting: LHB Danny Shanahan 0-0: Ball
1-0: Foul Ball, location: 2F
1-1: Ground out 6-3 (Groundball, 6M, EV 85.0 MPH)
Batting: LHB Ricardo Ramos 0-0: Foul Ball, location: 2F
0-1: Ball
1-1: Reached via error on a dropped throw from 2B, E3 (Groundball, 4, EV 91.2 MPH)
Batting: RHB Alexis Gallegos 0-0: Called Strike
0-1: Ground out 4-3 (Groundball, 4, EV 85.6 MPH)
Bottom of the 1st over - 0 runs, 0 hits, 1 error, 1 left on base; University of Oklahoma 1 - Mississippi State University 0
TOP OF THE 2ND
University of Oklahoma Sooners batting - Pitching for Mississippi State University Bulldogs : RHP Willie Berumen
Batting: RHB Sugiarto Kartosuwiryo 0-0: Called Strike
0-1: Foul Ball, location: 2F
0-2: Strikes out swinging
Batting: LHB Pedro Marrero 0-0: Called Strike
0-1: Ground out 3-1 (Groundball, 34, EV 88.1 MPH)
Batting: RHB David Stuckey 0-0: Ball
1-0: Ground out U3 (Groundball, 3L, EV 91.9 MPH)
Top of the 2nd over - 0 runs, 0 hits, 0 errors, 0 left on base; University of Oklahoma 1 - Mississippi State University 0
BOTTOM OF THE 2ND
Mississippi State University Bulldogs batting - Pitching for University of Oklahoma Sooners : RHP Matthew Sax
Batting: LHB Vinnie Kalman 0-0: Called Strike
0-1: Ground out 3-1 (Groundball, 34, EV 89.4 MPH)
Batting: RHB Benjamin Alderdice 0-0: Swinging Strike
0-1: Ball
1-1: Ball
2-1: DOUBLE (Flyball, 89D, EV 105.0 MPH)
Batting: RHB Bill Petipas 0-0: Reached on error, E8 (Flyball, 8RM, EV 94.4 MPH)
Benjamin Alderdice to third
Batting: RHB Oscar Vargas 0-0: Ball
1-0: Called Strike
1-1: Ball
2-1: Ball
3-1: Base on Balls
Bill Petipas to second
Batting: RHB Chris Everett 0-0: SINGLE (Groundball, 6MD, EV 97.5 MPH)
Benjamin Alderdice scores
Bill Petipas to third
Oscar Vargas to second
Runner from 3rd tries for Home, SAFE, throw by CF to home
Batting: RHB Alvin Abarca 0-0: Called Strike
0-1: Ball
1-1: Ball
2-1: Foul Ball, location: 2F
2-2: Fielders Choice at 2nd, 4-6 (Groundball, 4, EV 98.8 MPH)
Oscar Vargas to third
Batting: LHB Danny Shanahan 0-0: Ball
1-0: Ball
2-0: Ground out 4-3 (Groundball, 4, EV 84.4 MPH)
Bottom of the 2nd over - 2 runs, 2 hits, 1 error, 2 left on base; University of Oklahoma 1 - Mississippi State University 2
TOP OF THE 3RD
University of Oklahoma Sooners batting - Pitching for Mississippi State University Bulldogs : RHP Willie Berumen
Batting: LHB Jon Terrones 0-0: Ball
1-0: Called Strike
1-1: Ball
2-1: Called Strike
2-2: DOUBLE (Groundball, 5L, EV 106.9 MPH)
Batting: RHB Myles Sabine 0-0: DOUBLE (Flyball, 89D, EV 106.9 MPH)
Jon Terrones scores
Batting: RHB Virgil Wenz 0-0: Ball
Wild Pitch!
Myles Sabine to third
1-0: Foul Ball, location: 2F
1-1: Called Strike
1-2: Ball
2-2: Ball
3-2: Strikes out swinging
Batting: RHB Jon Chatman 0-0: Ball
1-0: Ball
2-0: Foul Ball, location: 2F
2-1: Foul Ball, location: 2F
2-2: Ball
3-2: Foul Ball, location: 2F
3-2: Base on Balls
Batting: RHB Ruben Arreola 0-0: Ball
Jon Chatman steals 2nd base
1-0: Ball
2-0: Ball
3-0: Called Strike
3-1: SINGLE (Groundball, 56D, EV 106.9 MPH)
Myles Sabine scores
Jon Chatman to third
Batting: SHB Orlando Uribe 0-0: Ball
1-0: SINGLE (Line Drive, 9LS, EV 98.8 MPH)
Jon Chatman scores
Ruben Arreola to second
Batting: RHB Sugiarto Kartosuwiryo 0-0: Fly out, F6 (Popup, P, EV 80.6 MPH)
Batting: LHB Pedro Marrero 0-0: Ball
1-0: Ball
2-0: Called Strike
2-1: Ball
3-1: Base on Balls
Ruben Arreola to third
Orlando Uribe to second
Batting: RHB David Stuckey 0-0: Ball
1-0: Ball
2-0: Called Strike
2-1: Foul Ball, location: 2F
2-2: Ball
3-2: Foul Ball, location: 2F
3-2: Foul Ball, location: 2F
3-2: GRAND SLAM HOME RUN (Flyball, 9LD, EV 93.8 MPH), Distance : 335 ft
Pitching: RHP Josh Simmons
Batting: LHB Jon Terrones 0-0: Called Strike
0-1: Ball
1-1: Called Strike
1-2: Ball
2-2: Strikes out swinging
Top of the 3rd over - 7 runs, 5 hits, 0 errors, 0 left on base; University of Oklahoma 8 - Mississippi State University 2
BOTTOM OF THE 3RD
Mississippi State University Bulldogs batting - Pitching for University of Oklahoma Sooners : RHP Matthew Sax
Batting: LHB Ricardo Ramos 0-0: Fly out, F8 (Flyball, 8RM, EV 94.4 MPH)
Batting: RHB Alexis Gallegos 0-0: Fly out, F9 (Flyball, 9, EV 90.0 MPH)
Batting: LHB Vinnie Kalman 0-0: Ball
1-0: Ball
2-0: Called Strike
2-1: Swinging Strike
2-2: Strikes out looking
Bottom of the 3rd over - 0 runs, 0 hits, 0 errors, 0 left on base; University of Oklahoma 8 - Mississippi State University 2
TOP OF THE 4TH
University of Oklahoma Sooners batting - Pitching for Mississippi State University Bulldogs : RHP Josh Simmons
Batting: RHB Myles Sabine 0-0: Called Strike
0-1: Foul Ball, location: 2F
0-2: Ball
1-2: Foul Ball, location: 2F
1-2: Foul Ball, location: 2F
1-2: Fly out, F3 (Popup, 23F, EV 94.4 MPH)
Batting: RHB Virgil Wenz 0-0: Ball
1-0: Foul Ball, location: 2F
1-1: Ground out 6-3 (Groundball, 6, EV 102.5 MPH)
Batting: RHB Jon Chatman 0-0: Called Strike
0-1: Fly out, F9 (Flyball, 9S, EV 87.5 MPH)
Top of the 4th over - 0 runs, 0 hits, 0 errors, 0 left on base; University of Oklahoma 8 - Mississippi State University 2
BOTTOM OF THE 4TH
Mississippi State University Bulldogs batting - Pitching for University of Oklahoma Sooners : RHP Matthew Sax
Batting: RHB Benjamin Alderdice 0-0: Ball
1-0: Foul Ball, location: 2F
1-1: Called Strike
1-2: Foul Ball, location: 2F
1-2: Ball
2-2: Ball
3-2: Ground out 3-1 (Groundball, 34, EV 91.9 MPH)
Batting: RHB Bill Petipas 0-0: Called Strike
0-1: SINGLE (Groundball, 3D, EV 94.4 MPH)
Batting: RHB Oscar Vargas 0-0: SINGLE (Groundball, 6D, EV 102.5 MPH)
Bill Petipas to second
Batting: RHB Chris Everett 0-0: Called Strike
0-1: Ball
1-1: Fielders Choice at 2nd, 5-4 (Groundball, 15, EV 90.6 MPH)
Bill Petipas to third
Batting: RHB Alvin Abarca 0-0: Ball
1-0: Called Strike
1-1: Ball
2-1: Called Strike
2-2: Ball
3-2: Fly out, F4 (Popup, 3S, EV 74.4 MPH)
Bottom of the 4th over - 0 runs, 2 hits, 0 errors, 2 left on base; University of Oklahoma 8 - Mississippi State University 2
TOP OF THE 5TH
University of Oklahoma Sooners batting - Pitching for Mississippi State University Bulldogs : RHP Josh Simmons
Batting: RHB Ruben Arreola 0-0: Ball
1-0: DOUBLE (Line Drive, 7LM, EV 95.6 MPH)
Batting: SHB Orlando Uribe 0-0: Ball
1-0: Called Strike
1-1: Foul Ball, location: 2F
1-2: Strikes out swinging
Batting: RHB Sugiarto Kartosuwiryo 0-0: Ball
1-0: Called Strike
1-1: Ball
2-1: Foul Ball, location: 2F
2-2: Foul Ball, location: 2F
2-2: Foul Ball, location: 2F
2-2: Ball
3-2: Foul Ball, location: 2F
3-2: Foul Ball, location: 2F
3-2: Foul Ball, location: 2F
3-2: Fly out, F7 (Flyball, 78M, EV 93.1 MPH)
Batting: LHB Pedro Marrero 0-0: Ball
1-0: Swinging Strike
1-1: Ball
2-1: Foul Ball, location: 2F
2-2: Strikes out swinging
Top of the 5th over - 0 runs, 1 hit, 0 errors, 1 left on base; University of Oklahoma 8 - Mississippi State University 2
BOTTOM OF THE 5TH
Mississippi State University Bulldogs batting - Pitching for University of Oklahoma Sooners : RHP Matthew Sax
Batting: LHB Danny Shanahan 0-0: SINGLE (Groundball, 4MD, EV 96.2 MPH)
Batting: LHB Ricardo Ramos 0-0: Called Strike
0-1: Ball
1-1: Fly out, F8 (Flyball, 8RM, EV 82.5 MPH)
Batting: RHB Alexis Gallegos 0-0: Ball
1-0: Ball
Danny Shanahan steals 2nd base
2-0: Called Strike
2-1: Foul Ball, location: 2F
2-2: SINGLE (Line Drive, 9S, EV 105.0 MPH)
Danny Shanahan to third
Runner from 3rd tries for Home, throw by RF and OUT! 9-2
Batting: LHB Vinnie Kalman 0-0: Fly out, F9 (Flyball, 89S, EV 95.6 MPH)
Bottom of the 5th over - 0 runs, 2 hits, 0 errors, 1 left on base; University of Oklahoma 8 - Mississippi State University 2
TOP OF THE 6TH
University of Oklahoma Sooners batting - Pitching for Mississippi State University Bulldogs : RHP Josh Simmons
Batting: RHB David Stuckey 0-0: SINGLE (Groundball, 15S, EV 71.2 MPH) (infield hit)
Batting: LHB Jon Terrones 0-0: Ball
1-0: Ball
David Stuckey steals 2nd base
2-0: Foul Ball, location: 2F
2-1: Ball
3-1: Base on Balls
Batting: RHB Myles Sabine 0-0: Swinging Strike
0-1: Ball
1-1: Swinging Strike
1-2: Strikes out swinging
Batting: RHB Virgil Wenz Balk!
David Stuckey to third
Jon Terrones to second
0-0: Called Strike
0-1: Foul Ball, location: 2F
0-2: Foul Ball, location: 2F
0-2: Foul Ball, location: 2F
0-2: Ground out U3 (Groundball, 34, EV 85.6 MPH)
David Stuckey scores
Jon Terrones to third
Batting: RHB Jon Chatman 0-0: Fly out, F7 (Flyball, 7LD, EV 90.6 MPH)
Top of the 6th over - 1 run, 1 hit, 0 errors, 1 left on base; University of Oklahoma 9 - Mississippi State University 2
BOTTOM OF THE 6TH
Mississippi State University Bulldogs batting - Pitching for University of Oklahoma Sooners : RHP Matthew Sax
Batting: RHB Benjamin Alderdice 0-0: Swinging Strike
0-1: Ball
1-1: Foul Ball, location: 2F
1-2: Strikes out swinging
Pitching: RHP Mike Lofgren
Batting: RHB Bill Petipas 0-0: Ball
1-0: Called Strike
1-1: Ball
2-1: Ball
3-1: Base on Balls
Batting: RHB Oscar Vargas 0-0: Called Strike
0-1: Ball
1-1: Fielders Choice at 2nd, 5-4 (Groundball, 5L, EV 88.1 MPH)
Batting: RHB Chris Everett 0-0: Ball
1-0: Ball
2-0: Ball
3-0: Foul Ball, location: 2F
3-1: Foul Ball, location: 2F
3-2: Strikes out swinging
Bottom of the 6th over - 0 runs, 0 hits, 0 errors, 1 left on base; University of Oklahoma 9 - Mississippi State University 2
TOP OF THE 7TH
University of Oklahoma Sooners batting - Pitching for Mississippi State University Bulldogs : RHP Josh Simmons
Batting: RHB Ruben Arreola 0-0: SOLO HOME RUN (Flyball, 7D, EV 96.9 MPH), Distance : 373 ft
Batting: SHB Orlando Uribe 0-0: Ball
1-0: Ball
2-0: Ball
3-0: Base on Balls
Batting: RHB Sugiarto Kartosuwiryo 0-0: Foul Ball, location: 2F
0-1: Swinging Strike
0-2: Ball
1-2: Foul Ball, location: 2F
1-2: Strikes out swinging
Pitching: RHP Josh Stene
Batting: LHB Pedro Marrero 0-0: Ball
1-0: Ball
2-0: Swinging Strike
2-1: Ball
3-1: Base on Balls
Orlando Uribe to second
Batting: RHB David Stuckey 0-0: Swinging Strike
Balk!
Orlando Uribe to third
Pedro Marrero to second
0-1: Swinging Strike
0-2: Foul Ball, location: 2F
0-2: Strikes out swinging
Batting: LHB Jon Terrones 0-0: Ball
1-0: Foul Ball, location: 2F
1-1: Swinging Strike
1-2: Foul Ball, location: 2F
1-2: Ball
2-2: Ball
3-2: Foul Ball, location: 2F
3-2: Ground out 6-3 (Groundball, 6M, EV 105.0 MPH)
Top of the 7th over - 1 run, 1 hit, 0 errors, 2 left on base; University of Oklahoma 10 - Mississippi State University 2
BOTTOM OF THE 7TH
Mississippi State University Bulldogs batting - Pitching for University of Oklahoma Sooners : RHP Mike Lofgren
Batting: RHB Alvin Abarca 0-0: Ball
1-0: Called Strike
1-1: Ball
2-1: Ball
3-1: Foul Ball, location: 2F
3-2: Foul Ball, location: 2F
3-2: Ground out 6-3 (Groundball, 6, EV 104.4 MPH)
Batting: LHB Danny Shanahan 0-0: Ground out 4-3 (Groundball, 4M, EV 80.0 MPH)
Batting: LHB Ricardo Ramos 0-0: Ball
1-0: Ball
2-0: SINGLE (Line Drive, 9S, EV 91.9 MPH)
Batting: RHB Alexis Gallegos 0-0: Fielders Choice at 2nd, 5-4 (Groundball, 5L, EV 91.2 MPH)
Bottom of the 7th over - 0 runs, 1 hit, 0 errors, 1 left on base; University of Oklahoma 10 - Mississippi State University 2
TOP OF THE 8TH
University of Oklahoma Sooners batting - Pitching for Mississippi State University Bulldogs : RHP Josh Stene
Batting: RHB Myles Sabine 0-0: Ball
1-0: Ball
2-0: Ball
3-0: Called Strike
3-1: Called Strike
3-2: Foul Ball, location: 2F
3-2: Strikes out swinging
Batting: RHB Virgil Wenz 0-0: Ground out 5-3 (Groundball, 56, EV 84.4 MPH)
Batting: RHB Jon Chatman 0-0: Called Strike
0-1: Ground out 2-3 (Groundball, 2R, EV 75.0 MPH)
Top of the 8th over - 0 runs, 0 hits, 0 errors, 0 left on base; University of Oklahoma 10 - Mississippi State University 2
BOTTOM OF THE 8TH
Mississippi State University Bulldogs batting - Pitching for University of Oklahoma Sooners : RHP Mike Lofgren
Batting: LHB Vinnie Kalman 0-0: Ball
1-0: Ball
2-0: Called Strike
2-1: Ground out U3 (Groundball, 3, EV 85.0 MPH)
Batting: RHB Benjamin Alderdice 0-0: SINGLE (Groundball, 34D, EV 100.0 MPH)
Batting: RHB Bill Petipas 0-0: Called Strike
0-1: Ball
1-1: Foul Ball, location: 2F
1-2: Ball
2-2: Fly out, F9 (Flyball, 9, EV 80.6 MPH)
Batting: RHB Oscar Vargas 0-0: Called Strike
0-1: Ground out U3 (Groundball, 3L, EV 82.5 MPH)
Bottom of the 8th over - 0 runs, 1 hit, 0 errors, 1 left on base; University of Oklahoma 10 - Mississippi State University 2
TOP OF THE 9TH
University of Oklahoma Sooners batting - Pitching for Mississippi State University Bulldogs : RHP Josh Stene
Batting: RHB Ruben Arreola 0-0: Ball
1-0: SOLO HOME RUN (Flyball, 78XD, EV 103.1 MPH), Distance : 420 ft
Batting: SHB Orlando Uribe 0-0: Ball
1-0: Ball
2-0: Ball
3-0: Called Strike
3-1: Foul Ball, location: 2F
3-2: Foul Ball, location: 2F
3-2: Ground out U3 (Groundball, 3, EV 78.8 MPH)
Batting: RHB Sugiarto Kartosuwiryo 0-0: Called Strike
0-1: Foul Ball, location: 2F
0-2: Foul Ball, location: 2F
0-2: Ball
1-2: Ball
2-2: Foul Ball, location: 2F
2-2: Ground out 5-3 (Groundball, 56, EV 104.4 MPH)
Batting: LHB Pedro Marrero 0-0: Called Strike
0-1: Ball
1-1: Foul Ball, location: 2F
1-2: SINGLE (Groundball, 6MD, EV 106.2 MPH)
Batting: RHB David Stuckey 0-0: Foul Ball, location: 2F
0-1: Foul Ball, location: 2F
0-2: Ball
1-2: Ground out 5-3 (Groundball, 56, EV 108.8 MPH)
Top of the 9th over - 1 run, 2 hits, 0 errors, 1 left on base; University of Oklahoma 11 - Mississippi State University 2
BOTTOM OF THE 9TH
Mississippi State University Bulldogs batting - Pitching for University of Oklahoma Sooners : RHP Mike Lofgren
Batting: RHB Chris Everett 0-0: Called Strike
0-1: Ground out 1-3 (Groundball, 13S, EV 68.8 MPH)
Pitching: LHP Chris Taggart
Batting: RHB Alvin Abarca 0-0: Foul Ball, location: 2F
0-1: Ball
1-1: Foul Ball, location: 2F
1-2: Ball
2-2: Ball
3-2: Base on Balls
Batting: LHB Danny Shanahan 0-0: Ball
1-0: Fly out, F7 (Flyball, 78M, EV 91.9 MPH)
Batting: LHB Ricardo Ramos 0-0: Reached on error, E5 (Groundball, 56S, EV 86.2 MPH)
Alvin Abarca to third
Batting: RHB Alexis Gallegos 0-0: Ball
1-0: Ball
2-0: Swinging Strike
2-1: Ball
3-1: Called Strike
3-2: Base on Balls
Batting: LHB Vinnie Kalman 0-0: Ground out 4-3 (Groundball, 4, EV 106.2 MPH)
Bottom of the 9th over - 0 runs, 0 hits, 1 error, 3 left on base; University of Oklahoma 11 - Mississippi State University 2
Thursday, December 15th , 2022 - OOTP Baseball 23.9 Build 102